 Dungeon Crawl Stone Soup version 0.29-a0-838-g385bb11a5b (webtiles) character file.

Game seed: 7045997501562800669

394 gruber the Destroyer (level 6, -2/32 HPs)
             Began as a Tengu Conjurer on July 13, 2022.
             Slain by Duvessa
             ... wielding a +0 rapier
              (12 damage)
             ... on level 4 of the Dungeon.
             The game lasted 00:02:42 (4034 turns).

gruber the Destroyer (Tengu Conjurer)               Turns: 4034, Time: 00:02:42

Health: -2/32      AC:  2    Str:  8    XL:     6   Next: 82%
Magic:  5/13       EV: 15    Int: 20    God:
Gold:   203        SH:  0    Dex: 18    Spells: 10/13 levels left

rFire   . . .      SeeInvis .   g - +1 dagger (venom)
rCold   . . .      Faith    .   (no shield)
rNeg    . . .      Spirit   .   a - +0 robe
rPois   .          Reflect  .   (helmet restricted)
rElec   .          Harm     .   (no cloak)
rCorr   .          Rampage  .   (no gloves)
Will    +....                   (boots unavailable)
Stlth   ++........              (no amulet)
HPRegen 0.10/turn               f - +6 ring of dexterity
MPRegen 0.13/turn               n - ring of willpower

@: flying quickly and evasively, quick
A: beak, talons 3, nimble flight
a: no special abilities


You were on level 4 of the Dungeon.
You visited 1 branch of the dungeon, and saw 4 of its levels.

You collected 203 gold pieces.

Inventory:

Hand Weapons
 e - a +0 rapier
 g - a +1 dagger of venom (weapon)
Armour
 a - a +0 robe (worn)
Jewellery
 f - a +6 ring of dexterity (left hand)
 n - a ring of willpower (right hand)
Scrolls
 d - a scroll of silence {unknown}
 i - 2 scrolls of enchant weapon {unknown}
 j - a scroll of identify {unknown}
 k - a scroll of immolation {unknown}
 l - 2 scrolls of fear {unknown}
Potions
 b - a potion of magic
 c - 2 potions of flight {unknown}
 h - a potion of might {unknown}
 m - 3 potions of brilliance {unknown}


   Skills:
 - Level 2.1 Dodging
 - Level 2.0 Stealth
 + Level 4.2 Spellcasting
 + Level 8.8 Conjurations


You had 10 spell levels left.
You knew the following spells:

 Your Spells              Type           Power      Damage    Failure   Level
a - Magic Dart            Conj           100%       1d8       1%          1
b - Searing Ray           Conj           78%        2d7       1%          2

Your spell library contained the following spells:

 Spells                   Type           Power      Damage    Failure   Level
 Dazzling Flash           Conj/Hex       42%        N/A       6%          3
 Beastly Appendage        Tmut           8%         N/A       13%         1
 Wereblood                Tmut           4%         N/A       19%         2
 Fulminant Prism          Conj/Hex       10%        3d9       21%         4
 Iskenderun's Mystic Bla  Conj/Tloc      21%        2d6       21%         4
 Frozen Ramparts          Ice            8%         1d2       36%         3
 Ozocubu's Armour         Ice            4%         N/A       36%         3
 Spider Form              Tmut/Pois      4%         N/A       36%         3
 Ice Form                 Ice/Tmut       4%         N/A       77%         4
 Summon Ice Beast         Ice/Summ       4%         N/A       77%         4
 Ozocubu's Refrigeration  Ice            2%         4d5       100%        7


Dungeon Overview and Level Annotations

Branches:
Dungeon (4/15)
 Temple: D:4-7

Altars:
Hepliaklqana
Yredelemnul

Shops:
D:1 [   D:2 =

Annotations:
D:4 Dowan, Duvessa


Innate Abilities, Weirdness & Mutations

You have a beak for a mouth.
You have claws for feet.
Your magical nature lets you fly swiftly and evasively.


Message History

Aiming: Searing Ray (safe; 1% risk of failure)
Press: ? - help, Shift-Dir - straight line, f - Duvessa
Aim: Duvessa, wielding a +0 rapier and wearing a +0 ring mail (86% to hit)
The searing ray hits Duvessa.
Duvessa is lightly wounded. (Press . to maintain the ray.) Unknown command.
The searing ray hits Duvessa.
Duvessa is lightly wounded.
The searing ray hits Dowan.
Dowan is lightly wounded.
Duvessa hits you with a +0 rapier!
The searing ray hits Duvessa.
Duvessa is moderately wounded.
The searing ray hits Dowan.
Dowan is lightly wounded.
Duvessa barely misses you.
The searing ray hits Duvessa.
Duvessa is moderately wounded.
The searing ray misses Dowan.
The searing ray hits the hobgoblin!
You kill the hobgoblin!
You finish channelling your searing ray.
Duvessa hits you with a +0 rapier.
Casting: Searing Ray (safe; 1% risk of failure)
Confirm with . or Enter, or press ? or * to list all spells.
Aiming: Searing Ray (safe; 1% risk of failure)
Press: ? - help, Shift-Dir - straight line, f/p - Duvessa
Aim: Duvessa, wielding a +0 rapier and wearing a +0 ring mail (moderately wounded, 86% to hit)
The searing ray hits Duvessa!
Duvessa is heavily wounded.
The searing ray hits Dowan.
Dowan is moderately wounded. (Press . to maintain the ray.) Duvessa hits you with a +0 rapier!
The searing ray hits Duvessa.
Duvessa is severely wounded.
The searing ray hits Dowan.
Dowan is heavily wounded.
Duvessa hits you with a +0 rapier!
You die...

.. .... ... #.##
#..#### ##....######..
#.....@ee.....
#.....#######.
#.....### #.......#
##.....#.........
#...........).....
#####.#######..........
#.....# #.#.........
#.....# #.#..........


You could see Duvessa and Dowan.

Vanquished Creatures
  A sky beast (D:4)
  An ogre (D:3)
  2 jellies
  An iguana (D:4)
  An orc wizard (D:3)
  3 adders
  A worm (D:3)
  3 dart slugs
  4 orcs (D:3)
  5 endoplasms
  2 giant cockroaches (D:1)
  3 goblins
  10 hobgoblins
  6 jackals (D:3)
  4 kobolds
  6 quokkas
  5 ball pythons
  4 bats
  5 frilled lizards
  10 rats
77 creatures vanquished.

Notes
Turn   | Place    | Note
-------+----------+-------------------------------------------
     0 | D:1      | gruber the Tengu Conjurer began the quest for the Orb.
     0 | D:1      | Reached XP level 1. HP: 10/10 MP: 4/4
   235 | D:1      | Reached XP level 2. HP: 13/15 MP: 1/6
   398 | D:1      | Found Kuuck's Antique Armour Shop.
   480 | D:1      | Reached skill level 6 in Conjurations
  1268 | D:2      | Reached XP level 3. HP: 19/19 MP: 2/7
  1865 | D:2      | Found Lirrutizuo's Jewellery Shoppe.
  1871 | D:2      | Learned a level 2 spell: Searing Ray
  2040 | D:2      | Found a faded altar of an unknown god.
  2352 | D:3      | Reached XP level 4. HP: 24/24 MP: 1/8
  2525 | D:3      | Reached skill level 7 in Conjurations
  2875 | D:3      | Noticed an ogre
  2963 | D:3      | HP: 1/24 [ogre/+0 giant club (23)]
  2967 | D:3      | Killed an ogre
  2968 | D:3      | Gained mutation: Your magical nature lets you fly swiftly
                  | and evasively. [Tengu growth]
  2968 | D:3      | Reached XP level 5. HP: 1/28 MP: 2/11
  3426 | D:3      | Reached skill level 8 in Conjurations
  3456 | D:3      | Reached XP level 6. HP: 17/32 MP: 7/12
  3881 | D:4      | Noticed a sky beast
  3882 | D:4      | Found a basalt altar of Yredelemnul.
  3896 | D:4      | Killed a sky beast
  3987 | D:4      | Found a hazy altar of Hepliaklqana.
  4027 | D:4      | Noticed Duvessa
  4027 | D:4      | Noticed Dowan
  4034 | D:4      | Slain by Duvessa

Illustrated notes

Levels and vault maps discovered:
D:1:      wheals_arrival_linesprint, layout_basic, serial_shops,
          nicolae_shop_advertising_works [nicolae_subvault_shop_adworks],
          nicolae_figureground_sparkle
D:2:      layout_loops_ring, dilly_ecumenical_altar_fadedgnrine, serial_shops,
          nicolae_shop_window_shopping
D:3:      minmay_diamond_boxcup, layout_basic, grunt_ministairs_3
D:4:      layout_rooms, yredelemnul_altar_generic,
          worldfamousw_hep_ancestral_shrine, gammafunk_ghost_arena, uniq_duvessa

Skill      XL: |  1  2  3  4  5  6 |
---------------+-------------------+-----
Conjurations   | 6 7 8 |  8.8
Spellcasting   | 3 4 |  4.2
Dodging        | |  2.1
Stealth        | |  2.0

Action                   |  1- 3 |  4- 6 || total
-------------------------+-------+-------++-------
Melee: Rapier            |     4 |       ||     4
       Dagger            |     2 |     5 ||     7
       Peck              |       |     1 ||     1
 Cast: Magic Dart        |    67 |    47 ||   114
       Searing Ray       |       |    13 ||    13
Armor: Robe              |     1 |     3 ||     4
Dodge: Dodged            |     5 |    13 ||    18

Table legend: (Time is in decaauts)
 A = Elapsed time spent in this place.
 B = Non-inter-level travel time spent in this place.
 C = Inter-level travel time spent in this place.
 D = Time resting spent in this place.
 E = Time spent auto-exploring this place.
 F = Levels seen in this place.
 G = Mean time per level.
                   A        B        C        D        E       F      G
               +--------+--------+--------+--------+--------+-----+--------+
         Total |   4007 |   3829 |    178 |      6 |   3481 |   4 | 1001.8 |
       Dungeon |   4007 |   3829 |    178 |      6 |   3481 |   4 | 1001.8 |
               +--------+--------+--------+--------+--------+-----+--------+

Top non-repeatable levels by time:
     D:3: 1454 daAuts
     D:1: 1204 daAuts
     D:2: 1028 daAuts
     D:4: 320 daAuts
